 Dungeon Crawl Stone Soup version 0.31-a0-828-gb7646bb5e3 (webtiles) character file.

Game seed: 12968806546761743852

36642 DocSulfur the Impaler (level 13, -5/139 HPs)
             Began as a Vampire Berserker on Sept 24, 2023.
             Was a High Priest of Trog.
             Slain by a skyshark (25 damage)
             ... on level 5 of the Lair of Beasts.
             The game lasted 00:28:18 (12540 turns).

DocSulfur the Impaler (Vampire Berserker)          Turns: 12540, Time: 00:28:18

Health: -5/139     AC: 11    Str: 20    XL:     13   Next: 54%
Magic:  13/13      EV: 14    Int:  9    God:    Trog [*****.]
Gold:   973        SH:  0    Dex: 15    Spells: 12/12 levels left

rFire   . . .        m - +4 glaive (heavy)
rCold   . . .        (shield currently unavailable)
rNeg    . . .        M - +0 swamp dragon scales
rPois   +            E - +0 helmet
rElec   .            (no cloak)
rCorr   +            D - +1 pair of gloves of Intuition {Regen+ rCorr}
SInv    +            r - +0 pair of boots
Will    ++...        q - amulet of faith Stlth
                     F - ring of willpower
HPRegen 1.43/turn    (no ring)
MPRegen 0.13/turn

%: faith
@: berserking, healing quickly, very quick
A: alive, fangs 3, see invisible, vampiric 2
a: Exsanguinate, Renounce Religion, Berserk, Trog's Hand, Brothers in Arms


You were on level 5 of the Lair of Beasts.
You worshipped Trog.
Trog was extremely pleased with you.
You visited 2 branches of the dungeon, and saw 16 of its levels.

You collected 973 gold pieces.

Inventory:

Hand Weapons
 b - a +1 glaive of flaming
 m - a +4 heavy glaive (weapon)
 n - a +5 bardiche of venom
 N - a +3 antimagic glaive
Missiles
 k - 28 poisoned darts (quivered)
 A - 3 silver javelins
 L - 15 javelins
 O - a curare-tipped dart
 Q - 3 boomerangs
 T - 3 throwing nets
Armour
 r - a +0 pair of boots (worn)
 D - the +1 pair of gloves of Intuition (worn) {Regen+ rCorr}
   (You found it on level 5 of the Dungeon)

   Regen+:    It increases your rate of health regeneration.
   rCorr:     It protects you from acid and corrosion.
 E - a +0 helmet (worn)
 M - +0 swamp dragon scales (worn)
 U - a +4 scale mail of fire resistance
Jewellery
 h - an amulet of the acrobat
 q - an amulet of faith (around neck)
 F - a ring of willpower (left hand)
 K - a ring of fire
 S - a ring of fire
Wands
 a - a wand of digging (5)
 u - a wand of roots (11)
 R - a wand of flame (6)
Scrolls
 c - 4 scrolls of teleportation
 d - 3 scrolls of immolation {unknown}
 e - 2 scrolls of enchant weapon {unknown}
 f - 3 scrolls of enchant armour
 i - a scroll of torment {unknown}
 j - 4 scrolls of vulnerability
 l - 4 scrolls of blinking
 p - a scroll of brand weapon
 w - 2 scrolls of fog
 y - 3 scrolls of acquirement
 C - a scroll of revelation {unknown}
 G - 4 scrolls of poison
 P - a scroll of fear {unknown}
 Y - a scroll of silence {unknown}
Potions
 g - 3 potions of resistance {unknown}
 o - 5 potions of lignification
 s - 6 potions of might
 t - 4 potions of heal wounds
 v - 3 potions of invisibility {unknown}
 x - 6 potions of curing {unknown}
 z - 3 potions of enlightenment {unknown}
 B - a potion of cancellation {unknown}
 I - a potion of berserk rage {unknown}
 J - 4 potions of mutation {unknown}
 W - 2 potions of haste {unknown}
 X - a potion of degeneration {unknown}
 Z - 2 potions of brilliance {unknown}
Miscellaneous
 V - a tin of tremorstones (2/2)


   Skills:
 + Level 5.8 Fighting
 - Level 20.0 Polearms
 - Level 1.5 Armour
 + Level 6.5 Dodging


You had 12 spell levels left.
You didn't know any spells.
Your spell library contained the following spells:

 Spells                   Type           Power      Damage    Failure   Level
 Blink                    Tloc           0%         N/A       71%         2
 Lesser Beckoning         Tloc           0%         N/A       71%         2
 Momentum Strike          Conj/Tloc      0%         3d8       71%         2
 Sublimation of Blood     Necr           0%         N/A       71%         2
 Wereblood                Tmut           0%         N/A       71%         2
 Mephitic Cloud           Conj/Pois/Air  0%         N/A       90%         3
 Ozocubu's Armour         Ice            0%         N/A       90%         3
 Summon Guardian Golem    Hex/Summ       0%         N/A       90%         3
 Cause Fear               Hex            0%         N/A       100%        4
 Summon Ice Beast         Ice/Summ       0%         N/A       100%        4
 Fireball                 Conj/Fire      0%         3d3       100%        5
 Metabolic Englaciation   Hex/Ice        0%         N/A       100%        5
 Simulacrum               Ice/Necr       0%         N/A       100%        6
 Summon Cactus Giant      Summ           0%         N/A       100%        6
 Summon Hydra             Summ           0%         N/A       100%        7
 Dragon's Call            Summ           0%         N/A       100%        9


Dungeon Overview and Level Annotations

Branches:
Dungeon (12/15)            Temple (0/1) D:5            Lair (3/5) D:11
  Swamp (0/4) Lair:3        Slime (0/5) Lair:5          Orc (0/2) D:11
  Snake: Lair:2-3    Spider: Lair:2-3

Altars:
Fedhas
Hepliaklqana
Makhleb
Trog
Uskayaw

Annotations:
D:8 exclusions: oklob plant and oklob sapling
D:9 1 transporter, Talonman3's ghost, journeyman GrEE
D:12 2 transporters
Lair:3 1 runed translucent door, Mimp's ghost, journeyman FoSh


Innate Abilities, Weirdness & Mutations

Your natural rate of healing is accelerated.
You have razor-sharp teeth.
You have supernaturally acute eyesight. (SInv)
You are afflicted with vampirism and can become a bat while bloodless.


Message History

Your two-headed ogre dies!
Your two-headed ogre's corpse disappears in a puff of smoke!
You hear a howl!
You hear a howl!
A wolf comes into view.
A red film seems to cover your vision as you go berserk!
You feel yourself moving faster!
You feel mighty! The skyshark bites you. The skyshark tail-slaps you.
The skyshark closely misses you. The skyshark bites you!
The skyshark closely misses you. The skyshark misses you.
You barely miss the skyshark. The skyshark bites you!
The skyshark barely misses you.
The skyshark tail-slaps you but does no damage.
You slice the skyshark!!
The skyshark is moderately wounded.
You hear an angry hiss.
The skyshark bites you!! The skyshark misses you. The skyshark tail-slaps you!
You slice the skyshark!!
The skyshark is heavily wounded.
The skyshark bites you!!
The skyshark tail-slaps you but does no damage.
The skyshark tail-slaps you.
You barely miss the skyshark.
The skyshark is heavily wounded.
The wolf closely misses you. The skyshark bites you!
* * * LOW HITPOINT WARNING * * *
The skyshark tail-slaps you but does no damage.
The skyshark tail-slaps you!
* * * LOW HITPOINT WARNING * * *
You barely miss the skyshark.
The skyshark is heavily wounded.
The wolf misses you. The skyshark bites you.
* * * LOW HITPOINT WARNING * * *
The skyshark tail-slaps you!
* * * LOW HITPOINT WARNING * * *
The skyshark tail-slaps you but does no damage.
You slice the skyshark!! You bite the skyshark.
The skyshark is almost dead.
The wolf completely misses you. The skyshark bites you!!
You die...

..# #.#.### h..####
......# ..h.... ....P#
.........l .)...# ....
..... ....# ....# ...
..< ##...## #.#.#
#....P.###l#
#.......h@## .#
#..........# ..#
#..#.....## .P#
...........# ..#
##.###.....##..##
######.##..P...#....#
.#PP#.#####.......#
#####......#P#..P.....#
...#.................#


You could see a skyshark (berserk) and a wolf.

Vanquished Creatures
  Jorgrun (D:12)
  Josephine (D:11)
  A hydra (Lair:3)
  Harold (D:11)
  A catoblepas (Lair:2)
  A centaur warrior (D:11)
  4 boulder beetles
  2 two-headed ogres
  Erica (D:9)
  Amaemon (Lair:1)
  A fire crab (Lair:5)
  Pikel (D:8)
  An ugly thing (D:11)
  A cyclops (D:9)
  4 black mambas
  6 elephants (Lair:3)
  Maggie (D:7)
  An orange demon (Lair:1)
  8 cane toads
  A gargoyle (D:12)
  2 rime drakes
  2 unseen horrors
  Jeremiah (D:7)
  An efreet (D:11)
  6 komodo dragons
  3 trolls
  Prince Ribbit (D:8)
  2 hornets
  A polar bear (Lair:3)
  4 dream sheep (Lair:3)
  5 slime creatures (D:12)
  5 wraiths
  A shadow (D:5)
  30 yaks
  2 basilisks
  A steam dragon (D:9)
  4 vampire mosquitoes (D:10)
  A warg (D:11)
  A naga (Lair:3)
  11 water moccasins
  3 orc warriors
  2 ice beasts (D:5)
  3 black bears
  4 ogres
  3 centaurs
  A phantom (D:6)
  3 kobold brigands
  A gnoll sergeant (D:8)
  11 bullfrogs
  6 scorpions
  5 wights (D:9)
  6 killer bees (D:10)
  3 howler monkeys
  5 hounds
  8 orc priests
  2 gnoll boudas
  2 jellies
  4 iguanas
  9 orc wizards
  8 adders
  18 gnolls
  3 shadow imps
  3 white imps
  An ufetubus (D:4)
  3 worms
  5 dart slugs
  46 orcs
  13 ball pythons
  3 endoplasms (D:4)
  3 giant cockroaches
  4 goblins
  4 hobgoblins
  6 jackals
  2 quokkas
  6 bats
  A frilled lizard (D:3)
  21 kobolds
  3 rats
357 creatures vanquished.

Vanquished Creatures (collateral kills)
  A komodo dragon (Lair:5)
  A polar bear (Lair:2)
  4 yaks (Lair:5)
  A water moccasin (Lair:5)
7 creatures vanquished.

Grand Total: 364 creatures vanquished

Notes
Turn   | Place    | Note
-------+----------+-------------------------------------------
     0 | D:1      | DocSulfur the Vampire Berserker began the quest for the
                  | Orb.
     0 | D:1      | Reached XP level 1. HP: 17/17 MP: 1/1
    54 | D:1      | Reached skill level 3 in Polearms
    67 | D:1      | Reached XP level 2. HP: 23/23 MP: 2/2
   457 | D:1      | Reached ** piety under Trog
   868 | D:2      | Gained mutation: You are afflicted with vampirism and can
                  | become a bat while bloodless. [Vampire growth]
   868 | D:2      | Reached XP level 3. HP: 13/28 MP: 3/3
  1134 | D:2      | Reached skill level 4 in Polearms
  1372 | D:3      | Reached XP level 4. HP: 34/34 MP: 4/4
  1544 | D:3      | Reached skill level 5 in Polearms
  1548 | D:3      | Reached XP level 5. HP: 30/39 MP: 5/5
  1963 | D:3      | Identified a scroll of acquirement
  1985 | D:4      | Found a bloodstained altar of Trog.
  2099 | D:4      | Noticed a black bear
  2100 | D:4      | Acquired a +5 bardiche of venom
  2107 | D:4      | Killed a black bear
  2108 | D:4      | Reached skill level 6 in Polearms
  2169 | D:4      | Reached *** piety under Trog
  2172 | D:4      | Reached XP level 6. HP: 41/46 MP: 6/6
  2332 | D:4      | Reached skill level 7 in Polearms
  2710 | D:5      | Entered Level 5 of the Dungeon
  2847 | D:5      | Reached XP level 7. HP: 51/51 MP: 7/7
  2976 | D:5      | Reached skill level 8 in Polearms
  2989 | D:5      | Found a burning altar of Makhleb.
  3017 | D:5      | Found a staircase to the Ecumenical Temple.
  3017 | D:5      | Noticed a shadow
  3021 | D:5      | Killed a shadow
  3073 | D:5      | Reached skill level 9 in Polearms
  3073 | D:5      | Reached XP level 8. HP: 57/57 MP: 8/8
  3214 | D:5      | Reached skill level 10 in Polearms
  3329 | D:5      | Identified the +1 pair of gloves of Intuition {Regen+
                  | rCorr}
  3620 | D:6      | Reached **** piety under Trog
  3990 | D:6      | Noticed a two-headed ogre
  3996 | D:6      | Killed a two-headed ogre
  3997 | D:6      | Reached skill level 11 in Polearms
  3997 | D:6      | Reached XP level 9. HP: 57/62 MP: 9/9
  4339 | D:7      | Reached skill level 12 in Polearms
  4515 | D:7      | Noticed Jeremiah
  4525 | D:7      | Killed Jeremiah
  5076 | D:7      | Noticed Maggie
  5086 | D:7      | Killed Maggie
  5086 | D:7      | Reached ***** piety under Trog
  5087 | D:7      | Reached skill level 13 in Polearms
  5477 | D:8      | Noticed Prince Ribbit
  5483 | D:8      | Killed Prince Ribbit
  5484 | D:8      | Reached XP level 10. HP: 56/68 MP: 10/10
  5735 | D:8      | Received a gift from Trog
  5835 | D:8      | Noticed Pikel
  5845 | D:8      | Killed Pikel
  5846 | D:8      | Reached skill level 14 in Polearms
  5981 | D:8      | Found a blossoming altar of Fedhas.
  5997 | D:8      | Noticed an oklob plant
  6556 | D:9      | Noticed Erica
  6571 | D:9      | Killed Erica
  6908 | D:9      | Noticed a two-headed ogre
  6914 | D:9      | Killed a two-headed ogre
  6980 | D:9      | Reached skill level 15 in Polearms
  7140 | D:9      | Noticed a cyclops
  7152 | D:9      | Killed a cyclops
  7188 | D:9      | You fall into a shaft and drop 1 floor!
  7188 | D:10     | Entered Level 10 of the Dungeon
  7409 | D:9      | Found a transporter.
  7410 | D:9      | Noticed Talonman3's ghost (journeyman GrEE)
  7410 | D:9      | Noticed a two-headed ogre
  7411 | D:9      | Noticed a two-headed ogre
  7413 | D:9      | Noticed a two-headed ogre
  7415 | D:9      | Noticed a two-headed ogre
  7418 | D:9      | Identified the +1 ring mail of Action {-Tele Str+5}
  7424 | D:9      | Reached XP level 11. HP: 74/74 MP: 11/11
  7452 | D:9      | Found a hazy altar of Hepliaklqana.
  7452 | D:9      | Found a hide-covered altar of Uskayaw.
  8152 | D:10     | Reached skill level 16 in Polearms
  8459 | D:11     | Noticed Harold
  8467 | D:11     | Killed Harold
  8510 | D:11     | Noticed Josephine
  8518 | D:11     | Killed Josephine
  8583 | D:11     | Noticed a brown ugly thing
  8650 | D:11     | Identified the +0 ring mail of Soft Rains {Rampage}
  8686 | D:11     | Found a staircase to the Orcish Mines.
  8717 | D:11     | Received a gift from Trog
  8718 | D:11     | Reached skill level 17 in Polearms
  8807 | D:11     | Killed a brown ugly thing
  8864 | D:11     | Noticed a centaur warrior
  8866 | D:11     | Noticed a boulder beetle
  8878 | D:11     | Killed a centaur warrior
  8989 | D:11     | Got a glistering book
  8996 | D:11     | Identified the +8 morningstar "Xeodyck" {spect, Str+3 Dex+3
                  | SInv}
  9146 | D:11     | Found a staircase to the Lair.
  9154 | D:11     | Noticed a boulder beetle
  9165 | D:11     | Killed a boulder beetle
  9174 | D:11     | Killed a boulder beetle
  9370 | D:12     | Found a transporter.
  9440 | D:12     | Reached XP level 12. HP: 67/80 MP: 12/12
  9491 | D:12     | Found a transporter.
  9615 | D:12     | Noticed Jorgrun
  9660 | D:12     | Killed Jorgrun
  9661 | D:12     | Reached skill level 18 in Polearms
  9982 | Lair:1   | Entered Level 1 of the Lair of Beasts
 10498 | Lair:1   | Reached skill level 19 in Polearms
 10570 | Lair:1   | Noticed Amaemon
 10581 | Lair:1   | Killed Amaemon
 11063 | Lair:2   | Received a gift from Trog
 11131 | Lair:2   | Noticed a catoblepas
 11144 | Lair:2   | Killed a catoblepas
 11233 | Lair:2   | Noticed a boulder beetle
 11239 | Lair:2   | Killed a boulder beetle
 11331 | Lair:2   | Reached XP level 13. HP: 36/85 MP: 13/13
 11473 | Lair:2   | Reached skill level 20 in Polearms
 12035 | Lair:3   | Found a staircase to the Swamp.
 12316 | Lair:3   | Noticed Mimp's ghost (journeyman FoSh)
 12320 | Lair:3   | Found a runed translucent door.
 12350 | Lair:3   | Reached skill level 5 in Dodging
 12411 | Lair:3   | Reached skill level 5 in Fighting
 12473 | Lair:3   | You fall into a shaft and drop 2 floors!
 12473 | Lair:5   | Entered Level 5 of the Lair of Beasts
 12490 | Lair:5   | Found a staircase to the Slime Pits.
 12540 | Lair:5   | Slain by a skyshark

Illustrated notes

Levels and vault maps discovered:
D:1:      ncdulo_wetmaze, layout_basic
D:2:      layout_basic
D:3:      layout_rooms, minmay_misc_feat_four_crosses
D:4:      layout_basic, lemuel_round_altar, kennysheep_generic_room_7
D:5:      layout_loops_cross, mainiacjoe_overflow_paths,
          minmay_temple_entry_tees
D:6:      layout_basic, kennysheep_generic_room_11
D:7:      layout_gridville, uniq_jeremiah, uniq_maggie
D:8:      cheibrodos_quashed, layout_loops_ring, tgw_fedhas,
          introduction_to_nature_2, uniq_prince_ribbit1, uniq_pikel
D:9:      layout_loops_corners, lemuel_tele_altar,
          mainiacjoe_overflow_divided_tiny, gammafunk_ghost_smash, uniq_erica
D:10:     layout_cave_pods, nicolae_titane
D:11:     layout_rooms, lair_entry_dummy, erik_orc_4, minmay_diamond_spiral,
          uniq_josephine, uniq_harold
D:12:     layout_roguey, nicolae_diode_stairs, uniq_jorgrun
Lair:1:   layout_cave_pods, uniq_amaemon
Lair:2:   layout_roguey, chequers_serial_rivers_micro_d,
          chequers_serial_rivers_micro_a
Lair:3:   layout_long_grid, swamp_mist, alex1729_snake_entry_snake,
          hellmonk_ghost_happy_afterlife, lemuel_fruit_tree, lemuel_fruit_fields
Lair:5:   hellmonk_lair_end_abyssal_woods, layout_regular_city, slime_entry_1,
          lemuel_fruit_fields, grunt_megastairs_1

Skill      XL: |  1  2  3  4  5  6  7  8  9 10 11 12 13 |
---------------+----------------------------------------+-----
Polearms       | 3 4 5 6 7 9 11 13 15 17 19 20 | 20.0
Fighting       | 5 |  5.8
Dodging        | 6 |  6.5
Armour         | |  1.5

Action                     |  1- 3 |  4- 6 |  7- 9 | 10-12 | 13-15 || total
---------------------------+-------+-------+-------+-------+-------++-------
  Melee: Spear             |   145 |    96 |       |       |       ||   241
         Bite              |     9 |    15 |    17 |    46 |    13 ||   100
         Punch             |     2 |       |       |       |       ||     2
         Bardiche          |       |    53 |   164 |   335 |       ||   552
         Glaive            |       |       |       |   168 |   124 ||   292
  Throw: Dart              |       |       |       |    13 |     7 ||    20
         Throwing net      |       |       |       |     1 |       ||     1
 Invoke: Berserk           |     1 |     2 |     6 |    13 |     4 ||    26
         Trog's Hand       |       |       |       |     5 |       ||     5
         Brothers in Arms  |       |       |       |       |     2 ||     2
  Evoke: Wand              |       |       |       |     3 |       ||     3
    Use: Scroll            |       |     4 |       |    11 |     1 ||    16
         Potion            |       |       |       |     2 |     1 ||     3
   Stab: Sleeping          |     1 |       |       |       |       ||     1
         Held in net/web   |       |       |       |     4 |       ||     4
         Distracted        |       |       |       |       |     1 ||     1
 Armour: Animal skin       |    18 |       |       |       |       ||    18
         Ring mail         |    29 |       |       |       |       ||    29
         Scale mail        |    12 |    95 |   105 |       |       ||   212
         Swamp dragon scal |       |       |    10 |   381 |    82 ||   473
  Dodge: Dodged            |    69 |    61 |    45 |   242 |    49 ||   466

Table legend: (Time is in decaauts)
 A = Elapsed time spent in this place.
 B = Non-inter-level travel time spent in this place.
 C = Inter-level travel time spent in this place.
 D = Time resting spent in this place.
 E = Time spent auto-exploring this place.
 F = Levels seen in this place.
 G = Mean time per level.
                   A        B        C        D        E       F      G
               +--------+--------+--------+--------+--------+-----+--------+
         Total |  12946 |  12434 |    512 |   1332 |   7972 |  16 |  809.1 |
       Dungeon |  10328 |   9870 |    458 |   1145 |   6250 |  12 |  860.7 |
          Lair |   2618 |   2564 |     54 |    186 |   1722 |   4 |  654.5 |
               +--------+--------+--------+--------+--------+-----+--------+

Top non-repeatable levels by time:
     D:8: 1136 daAuts
     D:7: 1107 daAuts
  Lair:1: 1093 daAuts
    D:10: 1092 daAuts
     D:9: 1037 daAuts
     D:5: 951 daAuts
  Lair:2: 921 daAuts
    D:11: 802 daAuts
    D:12: 754 daAuts
     D:4: 742 daAuts
     D:1: 697 daAuts
     D:3: 692 daAuts
     D:2: 675 daAuts
     D:6: 639 daAuts
  Lair:3: 537 daAuts
